Map: Ruins of Endion

Players

yingyang - Winner!

  • Race: Protoss Protoss
  • League: Grandmaster

ThisGameSuck

  • Race: Protoss Protoss
  • League: Grandmaster

VOD

Have the link to the VOD?

Description

Time

  • Played on: June 30, 2016, 3:18 p.m.
  • Length: 15:08
Show
View Real Time Build Order
Export as new Build Order

yingyang Protoss - Winner!

Build Orders: Phoenix Opening 

Get SALT Encoding   

  12  0:01  Probe (Chrono Boost)  
  13  0:12  Probe (Chrono Boost)  
  14  0:17  Pylon  
  14  0:22  Probe (Chrono Boost)  
  15  0:36  Probe (Chrono Boost)  
  15  0:37  Gateway  
  16  0:46  Probe (Chrono Boost)  
  16  0:47  Assimilator  
  17  0:53  Assimilator  
  18  0:57  Probe (Chrono Boost)  
  18  1:07  Probe (Chrono Boost)  
  18  1:09  Gateway  
  19  1:18  Probe (Chrono Boost)  
  20  1:24  Cybernetics Core  
  20  1:28  Probe (Chrono Boost)  
  21  1:44  Probe (Chrono Boost)  
  22  1:55  Probe (Chrono Boost)  
  22  2:00  Warp Gate (Chrono Boost)  
  23  2:08  Pylon  
  23  2:19  Nexus  
  23  2:26  Mothership Core (Chrono Boost)  
  25  2:35  Stalker (Chrono Boost)  
  27  2:41  Stalker (Chrono Boost)  
  29  2:52  Stargate  
  29  2:58  Pylon  
  29  3:06  Stalker  
  31  3:16  Probe  
  31  3:18  Stalker  
  34  3:28  Probe  
  34  3:31  Probe  
  36  3:36  Phoenix (Chrono Boost)  
  36  3:40  Probe  
  40  3:52  Probe  
  40  3:55  Robotics Facility  
  42  4:03  Phoenix (Chrono Boost)  
  42  4:05  Probe  
  42  4:06  Probe  
  44  4:16  Probe  
  44  4:17  Probe  
  46  4:24  Phoenix (Chrono Boost)  
  46  4:27  Probe  
  46  4:29  Probe  
  50  4:39  Probe (Chrono Boost)  
  50  4:42  Observer (Chrono Boost)  
  50  4:43  Probe (Chrono Boost)  
  53  4:47  Pylon  
  53  4:50  Probe (Chrono Boost)  
  54  5:02  Phoenix  
  54  5:05  Probe x2 (Chrono Boost)  
  54  5:06  Immortal (Chrono Boost)  
  62  5:15  Pylon  
  62  5:17  Assimilator  
  62  5:19  Pylon  
  62  5:21  Assimilator  
  62  5:30  Phoenix  
  62  5:31  Pylon  
  62  5:33  Probe x2  
  66  5:41  Immortal (Chrono Boost)  
  70  5:45  Probe x2  
  72  5:51  Gateway  
  72  5:52  Gateway  
  72  5:54  Phoenix  
  76  6:10  Nexus  
  76  6:11  Probe  
  75  6:15  Pylon  
  75  6:18  Probe  
  76  6:23  Probe  
  77  6:29  Immortal (Chrono Boost)  
  77  6:30  Probe  
  82  6:35  Probe  
  83  6:40  Phoenix  
  83  6:42  Probe  
  86  6:47  Sentry  
  86  6:48  Sentry  
  86  6:51  Pylon  
  90  6:55  Twilight Council  
  90  6:57  Probe  
  90  6:58  Forge  
  90  6:59  Probe  
  92  7:09  Probe  
  93  7:19  Protoss Ground Weapons Level 1 (Chrono Boost), Immortal (Chrono Boost)  
  93  7:22  Probe  
  97  7:23  Probe x2  
  100  7:30  Stalker x2  
  100  7:33  Probe  
  100  7:35  Charge (Chrono Boost), Probe  
  106  7:40  Robotics Facility  
  106  7:43  Probe  
  107  7:45  Probe  
  107  7:46  Assimilator  
  107  7:48  Assimilator  
  108  7:51  Pylon  
  108  7:52  Probe  
  108  7:55  Probe  
  108  7:56  Immortal  
  108  7:57  Probe  
  115  8:11  Pylon  
  115  8:12  Probe x3  
  116  8:14  Phoenix  
  118  8:20  Pylon  
  118  8:23  Pylon  
  118  8:24  Probe  
  119  8:28  Immortal  
  119  8:29  Probe x2  
  125  8:34  Pylon  
  125  8:39  Templar Archives  
  125  8:46  Zealot x4  
  125  8:47  Immortal  
  137  9:05  Phoenix  
  137  9:09  Immortal  
  143  9:14  Nexus  
  143  9:21  High Templar x4  
  151  9:25  Archon x2  
  151  9:29  Pylon  
  151  9:35  Immortal  
  151  9:36  Pylon  
  151  9:38  Pylon  
  151  9:40  Pylon  
  155  9:46  Immortal  
  155  9:57  Zealot x4  
  162  10:06  Phoenix (Chrono Boost)  
  164  10:09  Immortal  
  164  10:15  Protoss Ground Weapons Level 2 (Chrono Boost)  
  164  10:17  Pylon  
  164  10:18  High Templar x2  
  164  10:20  Immortal  
  172  10:22  Archon  
  172  10:23  Zealot x2  
  172  10:28  Gateway  
  180  10:29  Gateway  
  180  10:35  Assimilator  
  180  10:41  Assimilator  
  180  10:43  Immortal  
  180  10:46  High Templar  
  180  10:47  High Templar, Forge  
  188  10:53  Archon  
  188  10:56  Immortal  
  186  10:58  Zealot  
  186  10:59  Zealot  
  194  11:06  Photon Cannon  
  173  11:20  Observer  
  168  11:26  Zealot  
  168  11:27  Zealot x3  
  168  11:28  Probe x3  
  159  11:43  Probe x2  
  147  11:51  Zealot  
  147  11:52  Zealot x3  
  121  12:02  Probe x2  
  121  12:03  Probe  
  121  12:04  Probe  
  125  12:09  Protoss Ground Armor Level 1 (Chrono Boost)  
  125  12:10  Immortal  
  125  12:13  High Templar x4, Immortal, Probe  
  125  12:14  Probe x2  
  140  12:16  Probe  
  140  12:17  Archon x2  
  145  12:32  Protoss Ground Weapons Level 3 (Chrono Boost)  
  145  12:40  Probe x2  
  147  12:45  High Templar  
  147  12:46  High Templar x3  
  147  12:50  Gateway  
  155  12:51  Gateway, Probe  
  155  12:56  Gateway, Archon, Immortal  
  155  12:57  Archon  
  160  13:12  Immortal  
  164  13:19  Pylon x2  
  164  13:22  High Templar  
  164  13:23  High Templar x3  
  164  13:27  Archon x2  
  171  13:44  Immortal  
  171  13:51  Immortal  
  179  14:01  Stargate  
  179  14:05  Phoenix  
  181  14:19  Zealot  
  181  14:20  Zealot x5  
  181  14:21  Fleet Beacon  
  193  14:30  Phoenix  
  190  14:42  Zealot x5  
  190  14:43  Zealot x2  
  174  15:05  Zealot x7  
Show
View Real Time Build Order
Export as new Build Order

ThisGameSuck Protoss 

Build Orders: Phoenix Opening 

Get SALT Encoding   

  12  0:01  Probe (Chrono Boost)  
  13  0:12  Probe (Chrono Boost)  
  14  0:18  Pylon  
  14  0:22  Probe (Chrono Boost)  
  15  0:36  Probe (Chrono Boost)  
  15  0:37  Gateway  
  16  0:46  Probe (Chrono Boost)  
  17  0:52  Assimilator  
  17  0:57  Probe (Chrono Boost), Assimilator  
  18  1:08  Probe (Chrono Boost)  
  18  1:09  Gateway  
  20  1:18  Probe (Chrono Boost)  
  20  1:27  Cybernetics Core  
  20  1:29  Probe (Chrono Boost)  
  21  1:41  Probe (Chrono Boost)  
  22  1:51  Pylon  
  22  1:52  Probe (Chrono Boost)  
  23  2:06  Warp Gate (Chrono Boost)  
  23  2:09  Stalker  
  23  2:10  Probe  
  23  2:11  Stalker  
  28  2:22  Mothership Core  
  30  2:25  Pylon  
  30  2:43  Probe  
  31  2:45  Sentry  
  31  2:50  Sentry  
  35  2:55  Probe  
  36  2:59  Nexus  
  36  3:07  Pylon, Probe  
  37  3:19  Probe  
  38  3:22  Robotics Facility  
  38  3:31  Probe  
  39  3:43  Probe  
  40  3:50  Twilight Council  
  40  3:55  Phoenix  
  40  3:56  Stalker x2, Probe (Chrono Boost)  
  45  4:05  Pylon  
  45  4:06  Probe (Chrono Boost)  
  45  4:09  Observer (Chrono Boost)  
  47  4:17  Probe  
  47  4:18  Probe  
  49  4:27  Probe  
  49  4:30  Probe  
  55  4:37  Blink (Chrono Boost)  
  55  4:38  Probe  
  55  4:43  Stalker  
  54  4:45  Stalker  
  54  4:50  Probe  
  54  4:51  Probe  
  58  4:57  Nexus  
  58  5:00  Probe  
  58  5:06  Probe  
  60  5:10  Stalker  
  60  5:11  Probe  
  60  5:13  Stalker  
  65  5:18  Probe  
  66  5:21  Probe  
  66  5:22  Pylon  
  66  5:24  Pylon  
  67  5:28  Pylon  
  67  5:30  Probe, Assimilator  
  67  5:31  Assimilator  
  67  5:32  Probe  
  69  5:40  Immortal (Chrono Boost)  
  69  5:42  Probe x2  
  74  5:48  Stalker  
  77  5:53  Probe  
  77  5:54  Probe  
  79  6:06  Stalker, Probe x2  
  83  6:12  Forge  
  83  6:14  Forge  
  83  6:18  Probe x2  
  84  6:19  Immortal (Chrono Boost)  
  89  6:30  Probe x2  
  91  6:42  Probe  
  91  6:43  Probe  
  91  6:44  Stalker  
  91  6:45  Stalker  
  97  6:48  Pylon, Probe  
  97  6:50  Protoss Ground Weapons Level 1 (Chrono Boost), Protoss Ground Armor Level 1 (Chrono Boost)  
  98  6:54  Immortal, Probe  
  98  6:55  Probe  
  98  7:00  Gateway  
  104  7:02  Gateway  
  104  7:05  Gateway  
  104  7:07  Pylon  
  99  7:21  Probe x2  
  99  7:22  Probe  
  102  7:27  Assimilator  
  102  7:28  Immortal  
  102  7:29  Assimilator  
  102  7:31  Stalker  
  102  7:33  Probe x2  
  102  7:37  Probe  
  111  7:41  Gateway  
  111  7:42  Gateway  
  111  7:43  Gateway  
  111  7:45  Probe x2  
  111  7:49  Charge, Probe  
  114  7:53  Pylon  
  114  7:59  Pylon  
  114  8:02  Pylon  
  113  8:10  Probe x2  
  113  8:12  Immortal  
  111  8:17  Templar Archives  
  115  8:22  Probe x3  
  118  8:28  Zealot x5  
  118  8:34  Probe  
  129  8:41  Pylon  
  129  8:43  Protoss Ground Armor Level 2 (Chrono Boost), Protoss Ground Weapons Level 2 (Chrono Boost)  
  129  8:52  Pylon, Warp Prism  
  129  8:53  High Templar x2  
  129  8:54  High Templar x2, Pylon  
  137  8:58  High Templar x2  
  137  8:59  Zealot  
  137  9:01  Archon x2  
  145  9:03  Archon  
  145  9:23  High Templar x2  
  149  9:31  Gateway  
  149  9:34  High Templar, Gateway  
  149  9:35  High Templar, Zealot x4  
  149  9:36  Archon  
  149  9:37  Nexus  
  161  9:39  Archon  
  153  9:53  Immortal  
  153  10:06  Zealot  
  153  10:07  Zealot x7  
  161  10:10  Pylon  
  167  10:27  High Templar x2  
  171  10:30  Pylon  
  171  10:31  Archon  
  171  10:33  Pylon  
  169  10:35  Zealot x4  
  169  10:36  Zealot x2  
  169  10:41  High Templar  
  181  10:43  Immortal  
  183  10:59  High Templar x2  
  183  11:00  High Templar  
  183  11:02  Zealot x3  
  183  11:03  Zealot x2  
  199  11:04  Archon x2  
  177  11:18  Zealot  
  177  11:19  Zealot  
  177  11:24  Immortal  
  165  11:26  Zealot  
  165  11:27  Zealot x4  
  153  11:44  Zealot x5  
  143  11:47  Zealot x3  
  112  12:00  Protoss Ground Weapons Level 3 (Chrono Boost)  
  112  12:01  Protoss Shields Level 1 (Chrono Boost)  
  80  12:02  High Templar  
  80  12:03  High Templar x3  
  80  12:08  High Templar x2, Zealot x4  
  88  12:11  Immortal  
  88  12:12  Archon  
  88  12:13  Archon x2  
  96  12:32  Robotics Facility, Zealot x3  
  96  12:33  Zealot x3  
  108  12:37  Probe  
  108  12:38  Probe x2  
  108  12:40  Probe  
  108  12:42  Assimilator  
  108  12:43  Assimilator  
  107  12:46  Immortal  
  107  12:50  Probe x3  
  114  12:52  Probe  
  114  12:56  High Templar  
  114  12:57  High Templar, Sentry  
  114  12:58  Sentry  
  123  13:01  Archon  
  121  13:15  High Templar  
  121  13:16  High Templar  
  121  13:17  Zealot x4  
  133  13:21  Immortal (Chrono Boost)  
  135  13:31  Observer  
  136  13:35  Archon  
  136  13:42  High Templar x2  
  136  13:47  Archon, Zealot  
  136  13:48  Zealot x7  
  152  13:55  Immortal (Chrono Boost)  
  142  14:04  Immortal (Chrono Boost)  
  146  14:10  High Templar x2  
  146  14:11  Sentry  
  146  14:12  Sentry, Zealot x4  
  146  14:14  Archon  
  162  14:22  Zealot x2  
  162  14:24  Nexus  
  166  14:30  Immortal (Chrono Boost)  
  168  14:40  Zealot x5  
  127  14:58  Zealot x6  
  129  15:00  Zealot  
  129  15:01  Zealot x2  
Tags
 
Add a new tag
Caveats
  • Supply blocks, unpowered buildings, or Contaminate may cause inaccurate times.
  • Supply counts are checked every 10 seconds.